Map: Abyssal Reef LE

Players

Railgan - Winner!

  • Race: Zerg Zerg
  • League: Grandmaster
  • Spawn Location: 5:00

CapBombilla

  • Race: Terran Terran
  • League: Master
  • Spawn Location: 11:00

VOD

Have the link to the VOD?

Description

Time

  • Played on: Feb. 25, 2017, 7:35 p.m.
  • Length: 7:13
Show
View Real Time Build Order
Export as new Build Order

Railgan Zerg - Winner!

Build Orders: Pool First 

Get SALT Encoding   

  12  0:00  Drone  
  13  0:15  Overlord  
  13  0:18  Drone  
  14  0:33  Drone x2  
  16  0:40  Drone  
  17  0:48  Drone  
  18  0:56  Spawning Pool  
  17  0:59  Drone  
  17  1:02  Extractor  
  17  1:17  Drone  
  18  1:20  Hatchery  
  18  1:21  Drone  
  18  1:36  Drone  
  19  1:43  Zergling x2  
  19  1:44  Queen  
  22  1:53  Overlord  
  22  2:11  Drone  
  22  2:14  Drone, Metabolic Boost  
  24  2:19  Queen  
  26  2:24  Drone  
  27  2:32  Queen  
  29  2:42  Drone  
  29  2:43  Drone  
  30  2:44  Overlord  
  30  2:46  Drone  
  31  2:53  Spine Crawler  
  31  2:54  Drone  
  31  2:55  Drone x2  
  33  2:59  Overlord  
  33  3:02  Drone  
  34  3:10  Lair  
  34  3:17  Drone  
  34  3:18  Drone  
  34  3:19  Zergling x2  
  37  3:21  Zergling x2  
  37  3:26  Drone  
  39  3:27  Drone x2  
  39  3:33  Drone x2  
  43  3:38  Extractor, Drone  
  43  3:47  Drone x4  
  47  3:51  Extractor  
  47  3:52  Drone  
  47  3:56  Extractor  
  47  3:58  Overlord  
  47  4:02  Baneling Nest  
  45  4:06  Drone  
  45  4:08  Drone x2  
  48  4:17  Drone x3  
  49  4:18  Spire  
  49  4:21  Drone  
  49  4:22  Drone x3  
  54  4:35  Zergling x4  
  56  4:40  Overlord  
  56  4:42  Overseer, Queen x2  
  60  4:49  Spore Crawler  
  60  4:50  Spore Crawler  
  58  4:53  Overlord  
  58  5:00  Overlord  
  58  5:06  Drone, Overlord  
  59  5:14  Hatchery  
  58  5:17  Overlord  
  58  5:20  Baneling x2  
  58  5:37  Mutalisk x6  
  58  5:40  Mutalisk  
  72  5:46  Mutalisk  
  72  5:49  Mutalisk  
  74  5:52  Overlord  
  76  6:01  Evolution Chamber  
  76  6:03  Evolution Chamber  
  74  6:05  Hydralisk Den  
  74  6:10  Zergling x2  
  74  6:11  Zergling x10  
  79  6:18  Drone  
  80  6:22  Zergling x10  
  85  6:26  Queen  
  85  6:31  Drone x3  
  86  6:59  Drone  
  86  7:00  Drone x4  
Show
View Real Time Build Order
Export as new Build Order

CapBombilla Terran 

Build Orders: Reaper Expand, Hellion Banshee 

Get SALT Encoding   

  12  0:01  SCV  
  13  0:13  SCV  
  14  0:23  Supply Depot  
  14  0:25  SCV  
  15  0:30  Refinery  
  15  0:45  SCV  
  15  0:47  Barracks  
  16  0:57  SCV  
  17  1:12  SCV  
  18  1:24  SCV  
  19  1:35  Reaper  
  19  1:38  Orbital Command  
  20  1:49  Command Center  
  20  2:01  Factory  
  20  2:05  SCV  
  21  2:14  Barracks Reactor  
  21  2:15  Supply Depot  
  21  2:18  SCV  
  22  2:25  Refinery  
  22  2:31  SCV  
  23  2:53  Command Center  
  23  2:59  Hellion  
  23  3:00  Hellion  
  23  3:02  SCV  
  28  3:12  Orbital Command  
  28  3:15  SCV  
  29  3:23  Starport  
  29  3:27  Barracks Tech Lab  
  29  3:31  SCV  
  30  3:39  Hellion  
  32  3:43  SCV  
  32  3:48  Hellion, SCV  
  36  3:55  SCV  
  37  4:00  SCV  
  40  4:03  Hellion  
  40  4:05  Viking  
  40  4:06  Cloaking Field  
  42  4:11  Orbital Command  
  42  4:15  SCV  
  43  4:21  SCV  
  44  4:25  Supply Depot, Hellion  
  44  4:28  Hellion  
  48  4:40  Banshee  
  51  4:46  Hellion  
  51  4:47  SCV x2  
  51  4:49  Hellion  
  57  4:53  SCV  
  57  4:55  Supply Depot  
  57  4:59  Engineering Bay, SCV x2  
  60  5:04  Armory  
  60  5:08  SCV  
  60  5:09  Supply Depot  
  60  5:11  SCV  
  60  5:12  SCV  
  63  5:18  Factory  
  63  5:20  SCV  
  64  5:22  Refinery  
  64  5:29  Banshee  
  64  5:33  Hellion x2  
  71  5:45  SCV x3  
  71  5:48  Refinery  
  74  5:55  Widow Mine x2  
  78  5:57  SCV  
  78  6:00  Liberator  
  78  6:02  Factory, Factory Tech Lab  
  75  6:20  Missile Turret  
  75  6:22  Missile Turret  
  75  6:23  Missile Turret  
  75  6:24  Missile Turret  
  64  6:31  Widow Mine x2  
  69  6:34  SCV x2  
  69  6:37  Missile Turret  
  71  6:44  SCV  
  71  6:46  SCV  
Tags
 
Add a new tag
Caveats
  • Supply blocks, unpowered buildings, or Contaminate may cause inaccurate times.
  • Supply counts are checked every 10 seconds.